 Dungeon Crawl Stone Soup version 0.22.1-1-ga44c0e56f4 (webtiles) character file.

14208 OdinFK the Thaumaturge (level 11, -9/45 HPs)
             Began as a Felid Venom Mage on Oct 11, 2018.
             Was a High Priest of Vehumet.
             Mangled by a sea snake (21 damage)
             ... on level 1 of the Shoals on Oct 12, 2018.
             The game lasted 03:07:24 (28328 turns).

OdinFK the Thaumaturge (Felid Venom Mage)          Turns: 28328, Time: 03:07:25

Health: -9/45      AC:  3    Str:  4    XL:     11   Next: 85%
Magic:  34/37      EV: 20    Int: 27    God:    Vehumet [*****.]
Gold:   544        SH:  0    Dex: 15    Spells: 11/35 levels left
                                        Lives:  0   Deaths: 4

rFire    + . .     SeeInvis +     - Unarmed
rCold    + + .     Gourm    .   (shield unavailable)
rNeg     + . .     Faith    .   (armour unavailable)
rPois    .         Spirit   .   (helmet unavailable)
rElec    +         Reflect  .   (cloak unavailable)
rCorr    .         Harm     .   (gloves unavailable)
MR       +....                  (boots unavailable)
Stlth    +++.......             t - amulet of the acrobat
HPRegen  0.15/turn              h - ring of Oenomania {rElec rN+ MP+9 Int+4 Dex-2}
MPRegen  0.25/turn              q - ring of the Monkey's Uncle {rF+ rC+ Int+2}

@: quick
A: very small, no armour, no weapons or thrown items, stealth, claws 1, fangs 3,
see invisible, carnivore, speed 1, shaggy fur 3, slow metabolism 1, sharp paws
a: Renounce Religion


You were on level 1 of the Shoals.
You worshipped Vehumet.
Vehumet was extremely pleased with you.
You were not hungry.

You visited 6 branches of the dungeon, and saw 23 of its levels.

You collected 1196 gold pieces.
You spent 652 gold pieces at shops.

Inventory:

Missiles
 a - 478 stones
Jewellery
 d - an uncursed ring of positive energy {unknown}
 h - the ring of Oenomania (left paw) {rElec rN+ MP+9 Int+4 Dex-2}
   (You bought it in a shop on level 12 of the Dungeon)

   [ring of magical power]

   It affects your intelligence (+4).
   It affects your dexterity (-2).
   It insulates you from electricity.
   It protects you from negative energy.
   It affects your magic capacity (+9).
 l - an uncursed ring of poison resistance
 m - a +4 ring of intelligence
 q - the ring of the Monkey's Uncle (right paw) {rF+ rC+ Int+2}
   (You bought it in a shop on level 12 of the Dungeon)

   [ring of protection from cold]

   It affects your intelligence (+2).
   It protects you from fire.
   It protects you from cold.
 t - an amulet of the acrobat (around neck)
 z - the ring "Usupos" {rF++ rN+ MR+ Str+6 Slay+2}
   (You found it on level 9 of the Dungeon)

   [ring of strength]

   It affects your strength (+6).
   It affects your accuracy and damage with ranged weapons and melee attacks
   (+2).
   It greatly protects you from fire.
   It protects you from negative energy.
   It affects your resistance to hostile enchantments.
 A - a +5 ring of intelligence
 H - an uncursed ring of positive energy {unknown}
 I - an uncursed ring of protection from magic
 K - an uncursed ring of magical power
 L - the ring of Megalomania {Ice rN++ Stlth+}
   (You found it on level 3 of the Lair of Beasts)

   [ring of ice]

   It enhances your ice magic.
   It makes you vulnerable to fire.
   It protects you from cold.
   It greatly protects you from negative energy.
   It makes you more stealthy.
Wands
 w - a wand of digging (16)
 x - a wand of iceblast (16)
 y - a wand of flame (31)
 J - a wand of disintegration (7)
Scrolls
 f - 2 scrolls of amnesia
 i - 3 scrolls of teleportation
 k - a scroll of noise
 o - 3 scrolls of immolation
 r - a scroll of fog
 B - 2 scrolls of silence
 C - 4 scrolls of magic mapping
 D - 3 scrolls of remove curse
 F - a scroll of summoning
 G - 4 scrolls of identify
Potions
 c - a potion of mutation
 g - 7 potions of curing
 j - 5 potions of brilliance
 n - 5 potions of haste
 p - 2 potions of flight
 s - 2 potions of might
 u - 3 potions of lignification
 v - 3 potions of cancellation
Comestibles
 b - 46 rations


   Skills:
 - Level 3.2 Fighting
 + Level 5.2 Dodging
 + Level 4.1 Stealth
 - Level 2.0 Unarmed Combat
 + Level 12.5 Spellcasting
 * Level 8.6 Conjurations
 - Level 3.1 Ice Magic
 + Level 10.5 Air Magic
 - Level 6.1 Earth Magic
 + Level 10.7 Poison Magic
 + Level 0.2 Evocations


You had 11 spell levels left.
You knew the following spells:

 Your Spells              Type           Power        Failure   Level  Hunger
a - Sting                 Conj/Pois      ####         1%          1    None
b - Poisonous Vapours     Pois/Air       ######       1%          2    None
c - Freeze                Ice            ####         1%          1    None
d - Sandblast             Erth           ######       1%          1    None
e - Venom Bolt            Conj/Pois      ######....   1%          5    ###....
f - Stone Arrow           Conj/Erth      ######       1%          3    None
g - Lightning Bolt        Conj/Air       ######....   1%          5    ###....
h - Conjure Ball Lightni  Conj/Air       ######....   2%          6    #####..

Your spell library contained the following spells:

 Spells                   Type           Power        Failure   Level  Hunger
 Bolt of Draining         Conj/Necr      #####.....   4%          5    ###....
 Shock                    Conj/Air       ####         1%          1    None
 Swiftness                Chrm/Air       #####...     1%          2    None
 Conjure Flame            Conj/Fire      #####...     1%          3    None
 Dazzling Spray           Conj/Hex       #####.       1%          3    None
 Mephitic Cloud           Conj/Pois/Air  ######..     1%          3    None
 Static Discharge         Conj/Air       ######..     1%          3    None
 Airstrike                Air            ######....   1%          4    None
 Olgreb's Toxic Radiance  Pois           ######..     1%          4    None
 Ensorcelled Hibernation  Hex/Ice        ####..       2%          2    None
 Animate Skeleton         Necr           N/A          3%          1    None
 Confusing Touch          Hex            ###...       3%          1    None
 Corona                   Hex            ###....      3%          1    None
 Pain                     Necr           ###.         3%          1    None
 Freezing Cloud           Conj/Ice/Air   ######....   7%          6    #####..
 Confuse                  Hex            ###.....     10%         3    None
 Gell's Gravitas          Tloc           ###.......   10%         3    None
 Regeneration             Chrm/Necr      ###.......   10%         3    None
 Tukima's Dance           Hex            ###.....     10%         3    None
 Vampiric Draining        Necr           ###.......   10%         3    None
 Petrify                  Tmut/Erth      ####....     10%         4    None
 Yara's Violent Unravell  Hex/Tmut       ###.......   24%         5    ###....
 Animate Dead             Necr           N/A          32%         4    None
 Metabolic Englaciation   Hex/Ice        ####......   43%         5    ###....
 Ring of Flames           Chrm/Fire      ###.......   100%        7    ######.


Dungeon Overview and Level Annotations

Branches:
Dungeon (13/15)            Temple (1/1) D:4            Lair (6/6) D:10
 Shoals (1/4) Lair:2        Snake (1/4) Lair:2          Orc (1/2) D:12
 Vaults (0/5) D:13
  Slime: Lair:5-6

Altars:
Ashenzari
Cheibriados
Dithmenos
Elyvilon
Fedhas
Gozag
Hepliaklqana
Kikubaaqudgha
Makhleb
Nemelex Xobeh
Okawaru
Qazlal
Ru
Sif Muna
Trog
Uskayaw
Vehumet
Wu Jian
Xom
Yredelemnul
Zin
The Shining One
Beogh
Jiyva

Shops:
D:5 *   D:9 *!%!!   D:11 ?   D:12 *   Orc:1 [

Portals:
Trove: D:12 (lose all piety)

Annotations:
D:6 Menkaure
D:8 Joseph
Lair:1 3 runed doors, Americanboy's ghost, journeyman GrEE
Lair:2 1 runed door, neutralEvil's ghost, journeyman GrFi
Lair:3 2 transporters, Gastronok; Gunterle's ghost, journeyman DgSk


Innate Abilities, Weirdness & Mutations

You cannot wear armour.
You are incapable of wielding weapons or throwing items.
Your paws allow you to move quietly. (Stealth)
You have sharp claws.
You have razor-sharp teeth.
You have supernaturally acute eyesight. (SInv)
You are carnivorous and can eat meat at any time.
You cover ground quickly.
Your thick and shaggy fur keeps you warm. (AC +3, rC+)
You have a slow metabolism.
Your sharp claws are effective at attacking unaware monsters.


Message History

A snapping turtle comes into view.
A dream sheep comes into view.
The snapping turtle moves out of view.
The water nymph shouts!
You hear an angry hiss.
Casting: Venom Bolt (safe; 1% risk of failure)
Confirm with . or Enter, or press ? or * to list all spells.
Aiming: Poisonous Vapours (safe; 1% risk of failure)
Press: ? - help, Dir - move target cursor, f - water nymph
Aim: a water nymph Poisonous vapours surround the water nymph!
The dream sheep bleats!
The water nymph is engulfed in poison gas.
The water nymph is poisoned.
The water nymph gestures at you while chanting.
The water swirls and strikes you!
Ouch! That really hurt!
* * * LOW HITPOINT WARNING * * *
The sea snake misses you.
As you read the scroll of holy word, it crumbles to dust.
You speak a Word of immense power!
The sea snake bites you!!
You die...

≈≈P...≈.....≈≈≈≈.PPP
≈≈≈......≈.≈≈≈≈≈P
≈≈≈P.#..≈....≈≈≈≈ P
.≈..###.≈..≈≈≈≈≈≈≈P
....###.≈≈≈≈m≈≈≈≈≈≈
≈≈≈≈≈≈≈≈≈≈≈..≈≈≈≈≈
≈≈≈≈≈≈≈≈≈≈.#.≈≈≈≈≈
≈≈≈≈≈≈≈≈≈S##.≈≈≈≈≈
≈≈≈≈≈≈≈≈≈≈@..≈≈≈≈≈≈≈≈≈≈≈≈≈≈
≈PP≈≈≈≈≈≈≈≈≈≈≈≈≈≈≈≈≈≈≈≈≈≈≈P
PP≈≈≈≈≈≈≈≈≈≈≈≈≈≈≈≈≈≈≈≈≈≈≈..
PPP≈≈≈≈≈≈≈≈≈≈≈≈≈≈≈≈≈≈≈≈≈...
≈≈≈≈≈≈≈≈≈≈≈≈≈≈≈≈≈≈≈≈≈≈≈≈≈≈≈
≈≈Y≈≈≈≈≈≈≈≈≈≈≈≈≈≈≈≈≈≈.≈≈≈≈.
≈≈≈≈≈≈≈≈≈%≈≈≈≈≈≈≈≈≈≈≈≈k≈≈..
≈≈≈...≈..?..≈≈≈≈≈≈≈≈≈......
≈C.###...###.≈≈≈≈≈≈........


You could see a sea snake.

Vanquished Creatures
  4 hydras
  3 two-headed ogres
  Erica (Lair:1)
  A centaur warrior (D:12)
  2 tengu warriors (D:13)
  4 skeletal warriors (D:13)
  An unseen horror (D:13)
  An orc knight (D:12)
  3 ugly things
  An orc sorcerer (Orc:1)
  A wolf spider (shapeshifter) (D:13)
  A cyclops (D:12)
  A faun (Shoals:1)
  2 manticores
  7 black mambas
  2 merfolk sirens (Lair:2)
  3 elephants (Lair:4)
  6 spiny frogs
  3 rime drakes
  7 komodo dragons
  A meliai (D:13)
  2 tengu conjurers (D:13)
  4 trolls
  2 merfolk (Lair:2)
  A wind drake (Shoals:1)
  A slime creature (D:12)
  2 hornets (Lair:6)
  4 dream sheep (Lair:6)
  3 blink frogs (Lair:6)
  6 hippogriffs
  2 wraiths
  Sigmund (D:6)
  2 vampires (D:13)
  7 wyverns
  2 redbacks
  Eustachio (D:6)
  4 basilisks
  A fire bat (shapeshifter) (D:13)
  20 yaks
  4 hogs
  A human (D:7)
  5 vampire mosquitoes
  A hungry ghost (D:9)
  A warg (D:12)
  A swamp worm (shapeshifter) (D:13)
  6 nagas (Lair:2)
  13 water moccasins
  7 porcupines
  Purgy (D:3)
  6 sky beasts
  14 orc warriors
  7 ice beasts
  A necrophage (D:10)
  An eye of draining (D:9)
  5 ogres
  9 wolves
  8 centaurs
  A big kobold (D:12)
  9 crocodiles
  14 bullfrogs
  A wyvern skeleton (D:10)
  A water moccasin zombie (D:7)
  4 scorpions
  16 killer bees
  3 wights (D:10)
  3 electric eels
  6 howler monkeys
  2 centaur zombies
  3 crimson imps
  2 bullfrog zombies
  A quasit (D:12)
  5 jellies
  2 gnoll shamans
  8 orc priests
  A bullfrog skeleton (D:4)
  11 hounds
  6 centaur skeletons
  4 iguanas
  14 orc wizards
  Natasha (twice) (D:4)
  9 worker ants
  A killer bee zombie (D:10)
  2 hound skeletons
  A mummy (D:8)
  18 adders
  18 gnolls
  3 shadow imps
  3 oozes
  An adder skeleton (D:6)
  5 worms
  5 dart slugs
  5 leopard geckos
  69 orcs
  5 giant cockroaches
  10 goblins
  8 hobgoblins
  8 jackals
  9 quokkas
  A ball python (D:2)
  6 bats
  4 frilled lizards
  11 kobolds
  3 leopard gecko skeletons
  4 rats
  A plant (Lair:2)
540 creatures vanquished.

Vanquished Creatures (others)
  2 ball lightnings (Shoals:1)
  11 fungi
  28 plants
41 creatures vanquished.

Grand Total: 581 creatures vanquished

Notes
Turn   | Place    | Note
-------+----------+-------------------------------------------
     0 | D:1      | OdinFK the Felid Venom Mage began the quest for the Orb.
     0 | D:1      | Reached XP level 1. HP: 7/7 MP: 4/4
   193 | D:1      | Reached skill level 1 in Conjurations
   193 | D:1      | Reached XP level 2. HP: 11/11 MP: 4/6
   222 | D:1      | Learned a level 2 spell: Poisonous Vapours
   858 | D:2      | Reached XP level 3. HP: 14/14 MP: 4/7
  1363 | D:2      | Reached skill level 1 in Air Magic
  1363 | D:2      | Reached XP level 4. HP: 16/18 MP: 2/8
  1602 | D:2      | Reached skill level 3 in Spellcasting
  2382 | D:3      | Noticed Purgy
  2399 | D:3      | Killed Purgy
  2399 | D:3      | Reached skill level 1 in Unarmed Combat
  2399 | D:3      | Reached XP level 5. HP: 21/21 MP: 0/11
  2737 | D:3      | Found a deep blue altar of Sif Muna.
  2804 | D:3      | Killed from afar by an orc priest
  2805 | D:3      | Reached XP level 4. HP: -2/18 MP: 1/10
  2807 | D:3      | Reached XP level 5. HP: 21/21 MP: 11/11
  2838 | D:3      | Found a glowing silver altar of Zin.
  2911 | D:3      | Found an iron altar of Okawaru.
  2963 | D:3      | Found a shattered altar of Ashenzari.
  3100 | D:3      | Found a basalt altar of Yredelemnul.
  3100 | D:3      | Found a bloodstained altar of Trog.
  3100 | D:3      | Found a white marble altar of Elyvilon.
  3358 | D:4      | Got a smoking dagger {pierce}
  3644 | D:4      | Gained mutation: You are covered in thick fur. (AC +2)
                  | [Felid growth]
  3644 | D:4      | Reached XP level 6. HP: 20/24 MP: 12/12
  3726 | D:4      | Noticed a sky beast
  3730 | D:4      | Killed a sky beast
  3730 | D:4      | Reached skill level 4 in Spellcasting
  3777 | D:4      | Found a staircase to the Ecumenical Temple.
  3792 | Temple   | Entered the Ecumenical Temple
  3800 | Temple   | Became a worshipper of Vehumet
  4168 | D:4      | Noticed Natasha
  4171 | D:4      | Killed Natasha
  4210 | D:4      | Reached XP level 7. HP: 10/27 MP: 2/14
  5021 | D:4      | Noticed Natasha
  5028 | D:4      | Killed Natasha
  5046 | D:5      | Entered Level 5 of the Dungeon
  5119 | D:5      | Found a stormy altar of Qazlal.
  5230 | D:5      | Reached skill level 5 in Poison Magic
  5309 | D:5      | Found Himef's General Store.
  5320 | D:5      | Bought a scroll of remove curse for 42 gold pieces
  5392 | D:5      | Reached skill level 1 in Fighting
  5663 | D:6      | Noticed Menkaure
  5770 | D:5      | Reached * piety under Vehumet
  5770 | D:5      | Offered knowledge of Freeze by Vehumet.
  5773 | D:5      | Learned a level 1 spell: Freeze
  5815 | D:6      | Noticed a troll
  5926 | D:6      | Noticed Eustachio
  5937 | D:6      | Killed Eustachio
  5937 | D:6      | Reached skill level 5 in Spellcasting
  5937 | D:6      | Reached XP level 8. HP: 33/33 MP: 8/16
  5965 | D:6      | Found a sparkling altar of Nemelex Xobeh.
  6396 | D:6      | Killed a troll
  6396 | D:6      | Reached skill level 5 in Air Magic
  6558 | D:6      | Noticed Sigmund
  6563 | D:6      | Killed Sigmund
  6563 | D:6      | Reached skill level 6 in Spellcasting
  6969 | D:6      | Reached skill level 1 in Ice Magic
  7077 | D:6      | Reached XP level 9. HP: 33/38 MP: 9/19
  7592 | D:7      | Offered knowledge of Sandblast by Vehumet.
  7595 | D:7      | Learned a level 1 spell: Sandblast
  7730 | D:7      | Reached ** piety under Vehumet
  8219 | D:7      | Learned a level 5 spell: Venom Bolt
  8431 | D:7      | Offered knowledge of Stone Arrow by Vehumet.
  8438 | D:7      | Learned a level 3 spell: Stone Arrow
  8665 | D:7      | Reached skill level 7 in Spellcasting
  8839 | D:6      | Reached skill level 1 in Earth Magic
  9079 | D:8      | Reached *** piety under Vehumet
  9110 | D:8      | Noticed a two-headed ogre
  9145 | D:8      | Killed a two-headed ogre
  9145 | D:8      | Reached XP level 10. HP: 42/42 MP: 12/22
  9292 | D:8      | Noticed Joseph
  9722 | D:8      | Noticed a two-headed ogre
  9745 | D:8      | Killed a two-headed ogre
  9745 | D:8      | Reached skill level 8 in Spellcasting
  9886 | D:8      | Found a snail-covered altar of Cheibriados.
 10039 | D:7      | Offered knowledge of Dazzling Spray by Vehumet.
 10342 | D:9      | Found Kevvonli's Distillery.
 10392 | D:9      | Found a blossoming altar of Fedhas.
 10487 | D:9      | Found Nibef's Distillery.
 10677 | D:9      | Found Ciatopas's Distillery.
 10685 | D:9      | Bought a potion of flight for 42 gold pieces
 10776 | D:9      | Found a shimmering altar of Xom.
 10868 | D:9      | Got a brightly glowing tin ring
 11008 | D:9      | Found Suadghykly's Food Shoppe.
 11030 | D:9      | Found Mamneure's General Store.
 11036 | D:9      | Bought a scroll of identify for 30 gold pieces
 11036 | D:9      | Bought a scroll of magic mapping for 52 gold pieces
 11181 | D:9      | Reached **** piety under Vehumet
 11278 | D:9      | Found an ancient bone altar of Kikubaaqudgha.
 11478 | D:10     | Entered Level 10 of the Dungeon
 11824 | D:10     | Offered knowledge of Conjure Flame by Vehumet.
 12109 | D:10     | Noticed a green ugly thing
 12169 | D:10     | Killed a green ugly thing
 12265 | D:10     | Reached XP level 11. HP: 38/45 MP: 8/24
 12426 | D:10     | Found a staircase to the Lair.
 12689 | D:10     | Identified the ring "Usupos" {rF++ rN+ MR+ Str+6 Slay+2}
                  | (You found it on level 9 of the Dungeon)
 12736 | D:11     | Learned a level 5 spell: Lightning Bolt
 12770 | D:11     | Noticed a purple ugly thing
 12777 | D:11     | Killed a purple ugly thing
 12846 | D:11     | Noticed a two-headed ogre
 12895 | D:11     | Killed a two-headed ogre
 12895 | D:11     | Reached skill level 9 in Spellcasting
 13229 | D:11     | Found Xyefec's Magic Scroll Shop.
 13234 | D:11     | Bought a scroll of silence for 90 gold pieces
 13716 | D:11     | Reached ***** piety under Vehumet
 13872 | D:12     | Offered knowledge of Sticky Flame by Vehumet.
 14074 | D:12     | Noticed an orc knight
 14109 | D:12     | Killed an orc knight
 14109 | D:12     | Reached skill level 5 in Conjurations
 14303 | D:12     | Found a glowing silver altar of Zin.
 14309 | D:12     | Hit by a large rock thrown by a cyclops
 14310 | D:12     | Reached XP level 10. HP: -5/42 MP: 18/24
 14332 | D:12     | Killed a cyclops
 14354 | D:12     | Found a viscous altar of Jiyva.
 14818 | D:12     | Reached XP level 11. HP: 45/45 MP: 14/25
 14830 | D:12     | Noticed a centaur warrior
 14846 | D:12     | Found a staircase to the Orcish Mines.
 14853 | D:12     | Found a portal to a secret trove of treasure.
 14973 | D:12     | Killed a centaur warrior
 15322 | D:12     | Found Qadem's Assorted Antiques.
 15327 | D:12     | Reached skill level 10 in Spellcasting
 15335 | D:12     | Bought a scroll labeled CUTTES ISUAR for 36 gold pieces
 15335 | D:12     | Bought a faintly glowing iron ring for 180 gold pieces
 15335 | D:12     | Bought a scorched platinum ring for 180 gold pieces
 15429 | Lair:1   | Entered Level 1 of the Lair of Beasts
 15844 | Lair:1   | Noticed Erica
 15903 | Lair:1   | Killed Erica
 16329 | Lair:1   | Found a runed gate.
 16330 | Lair:1   | Found a runed gate.
 16331 | Lair:1   | Found a runed gate.
 16331 | Lair:1   | Noticed a ten-headed hydra
 16331 | Lair:1   | Noticed Americanboy's ghost (journeyman GrEE)
 16603 | Lair:2   | Reached skill level 5 in Earth Magic
 16961 | Lair:2   | Found a staircase to the Shoals.
 17201 | Lair:2   | Noticed a five-headed hydra
 17239 | Lair:2   | Killed a five-headed hydra
 17530 | Lair:2   | Found a runed door.
 17533 | Lair:2   | Noticed neutralEvil's ghost (journeyman GrFi)
 17684 | Lair:2   | Gained mutation: Your thick and shaggy fur keeps you warm.
                  | (AC +3, rC+) [Felid growth]
 17684 | Lair:2   | Reached XP level 12. HP: 48/48 MP: 3/27
 17812 | Lair:2   | Found a staircase to the Snake Pit.
 18488 | Lair:2   | Noticed a catoblepas
 19348 | Lair:3   | Noticed a six-headed hydra
 19353 | Lair:3   | Noticed Gastronok
 19390 | Lair:3   | Got a flickering tin ring
 19391 | Lair:3   | Noticed an eight-headed hydra
 19468 | Lair:3   | Found a transporter.
 19470 | Lair:3   | Noticed a seven-headed hydra
 19472 | Lair:3   | Noticed Gunterle's ghost (journeyman DgSk)
 19480 | Lair:3   | Found a transporter.
 19774 | Orc:1    | Entered Level 1 of the Orcish Mines
 19775 | Orc:1    | Noticed an orc warlord
 19855 | D:13     | Reached skill level 11 in Spellcasting
 20589 | Lair:3   | Identified the ring of Oenomania {rElec rN+ MP+9 Int+4
                  | Dex-2} (You bought it in a shop on level 12 of the Dungeon)
 20597 | Lair:3   | Identified the ring of Megalomania {Ice rN++ Stlth+} (You
                  | found it on level 3 of the Lair of Beasts)
 20599 | Lair:3   | Identified the ring of the Monkey's Uncle {rF+ rC+ Int+2}
                  | (You bought it in a shop on level 12 of the Dungeon)
 20707 | Lair:3   | Killed a six-headed hydra
 22781 | Lair:5   | Identified a scroll of acquirement
 23151 | Snake:1  | Entered Level 1 of the Snake Pit
 23151 | Snake:1  | Noticed an anaconda
 23238 | Orc:1    | Found Qyl Vuog's Armour Boutique.
 23260 | Orc:1    | Reached skill level 10 in Poison Magic
 23382 | Orc:1    | Found a roughly hewn altar of Beogh.
 23388 | Orc:1    | Offered knowledge of Conjure Ball Lightning by Vehumet.
 23388 | Orc:1    | Reached XP level 13. HP: 39/51 MP: 27/29
 23390 | Orc:1    | Reached skill level 10 in Air Magic
 23443 | Orc:1    | Noticed an orc warlord
 24307 | D:13     | Found a gate to the Vaults.
 25169 | D:13     | Reached skill level 5 in Dodging
 25443 | D:13     | Reached skill level 12 in Spellcasting
 25817 | D:13     | Identified the +9 dagger "Yxidao Camo" {pierce, -Tele Str+3
                  | Dex+8} (You took it off an orc on level 4 of the Dungeon)
 26998 | Lair:6   | Entered Level 6 of the Lair of Beasts
 27206 | Lair:6   | Learned a level 6 spell: Conjure Ball Lightning
 27357 | Lair:6   | Offered knowledge of Bolt of Draining by Vehumet.
 28014 | Shoals:1 | Entered Level 1 of the Shoals
 28284 | Shoals:1 | Killed from afar by a wind drake
 28285 | Shoals:1 | Reached XP level 12. HP: -14/48 MP: 14/38
 28293 | Shoals:1 | Noticed a merfolk aquamancer
 28296 | Shoals:1 | HP: 1/48 [faun/stone (11)]
 28296 | Shoals:1 | Shot with a sling bullet by a faun
 28297 | Shoals:1 | Reached XP level 11. HP: -9/45 MP: 33/37
 28297 | Shoals:1 | Noticed a sea snake
 28319 | Shoals:1 | Noticed a sea snake
 28328 | Shoals:1 | Mangled by a sea snake

Skill      XL: |  1  2  3  4  5  6  7  8  9 10 11 12 13 |
---------------+----------------------------------------+-----
Stealth        | 3 4 |  4.1
Conjurations   | 1 2 3 6 7 8 |  8.6
Poison Magic   | 3 4 5 6 7 8 9 10 | 10.7
Dodging        | 3 4 5 |  5.2
Air Magic      | 1 2 3 4 5 6 7 9 10 | 10.5
Spellcasting   | 3 4 5 6 7 8 10 11 12 | 12.5
Unarmed Combat | 1 2 |  2.0
Fighting       | 1 3 |  3.2
Ice Magic      | 1 3 |  3.1
Earth Magic    | 1 3 5 6 |  6.1
Evocations     | |  0.2

Action                   |  1- 3 |  4- 6 |  7- 9 | 10-12 | 13-15 || total
-------------------------+-------+-------+-------+-------+-------++-------
Melee: Unarmed           |    22 |    42 |    69 |    73 |     1 ||   207
       Bite              |     3 |     3 |    11 |    10 |       ||    27
       Punch             |       |       |       |     2 |       ||     2
 Cast: Sting             |    18 |     6 |    12 |     4 |       ||    40
       Poisonous Vapours |    27 |    97 |   213 |   598 |   149 ||  1084
       Freeze            |       |       |    15 |       |       ||    15
       Sandblast         |       |       |    13 |    56 |     1 ||    70
       Venom Bolt        |       |       |     1 |    22 |    19 ||    42
       Stone Arrow       |       |       |       |   160 |   109 ||   269
       Lightning Bolt    |       |       |       |     5 |       ||     5
       Conjure Ball Ligh |       |       |       |     1 |       ||     1
Evoke: Wand              |       |       |     6 |       |       ||     6
  Use: Scroll            |       |     5 |     3 |    26 |     2 ||    36
       Potion            |       |       |       |     3 |     5 ||     8
 Stab: Sleeping          |       |     1 |       |     1 |       ||     2
  Eat: Chunk             |    10 |    14 |     9 |    33 |    11 ||    77
Armor: Skin              |     2 |     6 |    10 |     7 |     3 ||    28
Dodge: Dodged            |    23 |    47 |   174 |   328 |   139 ||   711
